 Dungeon Crawl Stone Soup version 0.29-a0-1016-g236c7fd91e (webtiles) character file.

Game seed: 14400184505023862219

3447 Sobieck the Grappler (level 10, -1/88 HPs)
             Began as a Ghoul Fighter on Aug 9, 2022.
             Was an Initiate of Gozag.
             Slain by Amaemon
             ... wielding a -1 demon whip of venom
              (7 damage)
             ... on level 7 of the Dungeon.
             The game lasted 00:16:40 (7740 turns).

Sobieck the Grappler (Ghoul Fighter)                Turns: 7740, Time: 00:16:41

Health: -1/88      AC:  9    Str: 31    XL:     10   Next: 6%
Magic:  0/9        EV: 10    Int:  3    God:    Gozag
Gold:   205        SH:  5    Dex:  8    Spells: 9/9 levels left

rFire   . . .      SeeInvis +     - Unarmed
rCold   + . .      Faith    .   b - +0 buckler
rNeg    + + +      Spirit   +   a - +0 scale mail
rPois   ∞          Reflect  .   B - +1 hat
rElec   .          Harm     .   N - +1 cloak {rCorr}
rCorr   +          Rampage  .   (no gloves)
Will    .....                   (no boots)
Stlth   ..........              q - amulet of guardian spirit
HPRegen 0.00/turn               A - ring of see invisible
MPRegen 0.11/turn               t - +6 ring of strength

@: mighty, gold aura, inhibited regen, invisible
A: claws 1, cold resistance 1, negative energy resistance 3, inhibited
regeneration, torment resistance 2, devour on kill
a: Renounce Religion, Potion Petition, Call Merchant, Bribe Branch


You were on level 7 of the Dungeon.
You worshipped Gozag.
Gozag was aware of your devotion.
You visited 1 branch of the dungeon, and saw 8 of its levels.

You collected 2368 gold pieces.
You spent 972 gold pieces at shops.
You paid 1191 gold pieces to Gozag.


Innate Abilities, Weirdness & Mutations

You are immune to poison.
You have sharp fingernails.
Your flesh is cold resistant. (rC+)
You are immune to negative energy. (rN+++)
You do not regenerate when monsters are visible.
You are immune to unholy pain and torment.
You thrive by killing the living.


   Skills:
 + Level 8.0 Fighting
 + Level 2.9 Armour
 + Level 0.6 Dodging
 + Level 8.0 Shields
 * Level 10.1 Unarmed Combat


You had 9 spell levels left.
You didn't know any spells.
Your spell library contained the following spells:

 Spells                   Type           Power      Damage    Failure   Level
 Apportation              Tloc           0%         N/A       83%         1
 Necrotise                Necr           0%         1d4       83%         1
 Slow                     Hex            0%         N/A       83%         1
 Summon Small Mammal      Summ           0%         N/A       83%         1
 Call Canine Familiar     Summ           0%         N/A       99%         3
 Confusing Touch          Hex            0%         N/A       99%         3
 Portal Projectile        Hex/Tloc       0%         N/A       99%         3
 Stone Arrow              Conj/Erth      0%         3d7       99%         3
 Vampiric Draining        Necr           0%         2d6       99%         3
 Animate Armour           Summ/Erth      0%         N/A       100%        4
 Leda's Liquefaction      Hex/Erth       0%         N/A       100%        4
 Yara's Violent Unravell  Hex/Tmut       0%         3d3       100%        5
 Enfeeble                 Hex            0%         N/A       100%        7
 Lehudib's Crystal Spear  Conj/Erth      0%         10d2      100%        8

Inventory:

Hand Weapons
 e - a +1 dagger of venom {short}
   (You took it off a goblin on level 1 of the Dungeon)
 f - a +0 quarterstaff {staff}
   (You found it on level 1 of the Dungeon)
 g - a +0 mace {mace}
   (You found it on level 1 of the Dungeon)
 O - the +3 hammer "Bubues" {vamp, Str+2 Dex+4 Stlth+}
   (You found it on level 3 of the Dungeon)

   It occasionally heals its wielder for a portion of the damage dealt when it
   wounds a living foe.
   Str:       It affects your strength (+2).
   Dex:       It affects your dexterity (+4).
   Stlth:     It makes you more stealthy.
 W - the +7 flail "Demonbane" {protect, Str+3, mace}
   (You found it on level 5 of the Dungeon)

   It grants its wielder temporary protection when it strikes (+7 to AC).
   Str:       It affects your strength (+3).
Missiles
 d - 36 stones {throwing}
 J - 3 boomerangs {throwing}
 P - 11 poisoned darts (quivered) {throwing}
 Z - a throwing net {=f!fthrowing}
Armour
 a - a +0 scale mail (worn)
 b - a +0 buckler (worn)
 j - a +0 leather armour
   (You found it on level 1 of the Dungeon)
 k - a +0 robe
   (You took it off a goblin on level 1 of the Dungeon)
 y - a +0 ring mail
   (You found it on level 2 of the Dungeon)
 B - a +1 hat (worn)
   (You found it on level 2 of the Dungeon)
 I - a +2 robe of the Archmagi
   (You took it off Jessica on level 3 of the Dungeon)
 N - a +1 cloak of preservation (worn)
   (You took it off Crazy Yiuf on level 3 of the Dungeon)
 R - a +0 leather armour
   (You found it on level 4 of the Dungeon)
 S - a +0 scale mail
   (You took it off an orc on level 6 of the Dungeon)
 T - a +0 leather armour
   (You took it off an orc on level 4 of the Dungeon)
 U - a +0 robe
   (You found it on level 4 of the Dungeon)
 X - a +0 leather armour
   (You took it off an orc on level 5 of the Dungeon)
 Y - a +0 leather armour
   (You took it off a gnoll bouda on level 5 of the Dungeon)
Magical Staves
 G - a staff of air {!astaff}
   (You found it on level 7 of the Dungeon)
Jewellery
 l - a ring of protection from cold
   (You took it off a goblin on level 1 of the Dungeon)
 n - a ring of wizardry
   (You found it on level 1 of the Dungeon)
 o - an amulet of magic regeneration {@e2}
   (You found it on level 1 of the Dungeon)
 q - an amulet of guardian spirit (around neck)
   (You bought it in a shop on level 4 of the Dungeon)
 t - a +6 ring of strength (right claw)
   (You bought it in a shop on level 4 of the Dungeon)
 u - a ring of protection from cold
   (You found it on level 2 of the Dungeon)
 A - a ring of see invisible (left claw)
   (You bought it in a shop on level 4 of the Dungeon)
 D - an amulet of regeneration {@e2}
   (You found it on level 2 of the Dungeon)
 K - a ring of fire
   (You found it on level 3 of the Dungeon)
Wands
 z - a wand of flame (21)
   (You took it off an orc on level 6 of the Dungeon)
 H - a wand of iceblast (4)
   (You found it on level 6 of the Dungeon)
 M - a wand of light (12)
   (You found it on level 6 of the Dungeon)
Scrolls
 s - a scroll of immolation {!r!r}
 v - 3 scrolls of noise {!r}
 w - 5 scrolls of teleportation {@r4}
 F - a scroll of poison {unknown}
 V - 3 scrolls of magic mapping {!r}
Potions
 h - 7 potions of curing {@q1}
 i - 4 potions of brilliance
 m - a potion of lignification
 p - a potion of ambrosia
 C - a potion of cancellation
 E - 2 potions of degeneration {!q@e2}
 L - a potion of haste {@q3}
 Q - a potion of berserk rage {!q}

Dungeon Overview and Level Annotations

Branches:
Dungeon (8/15) Zot: 26867  Temple (0/1) D:7
   Lair: D:8-11

Altars:
Gozag
Sif Muna

Shops:
D:4 [=

Annotations:
D:7 Amaemon

###.###.# ####.###
........# #..#
###.##### ##.# ##'##
#.# ##...## #.#
#.....## ####.#
.......## ##.##.#
........####...#.#
........'.......@####
........####...>6...#
.......## ##.......#
#.....## ###.......#
##...## #.........#
##'## #.#.......# #.#
#[#.......# ###.#
#.#.......# .##.###
#.#########


You could see Amaemon (unable to see you).


Message History

You barely miss the kobold. You block the kobold's attack.
You barely miss the kobold. The kobold closely misses you.
You mangle the kobold!!
You kill the kobold!
No target in view!
You climb downwards.
Level annotation: Amaemon The scorpion disappears in a puff of smoke!
The orange demon stings you from afar.
There is a stone staircase leading up here.
Danger!
Unknown command.
The orange demon stings you. The orange demon closely misses you.
There is a stone staircase leading up here.
Unknown command.
You climb upwards.
There is a stone staircase leading down here.
Unknown command.
Unknown command.
Unknown command.
You climb downwards.
Level annotation: Amaemon You block the kobold's attack.
The orange demon stings you.
The orange demon hits you but does no damage.
You block the kobold's attack.
There is a stone staircase leading up here.
Danger!
Unknown command.
The kobold hits you but does no damage. You block the orange demon's attack.
You climb upwards.
There is a stone staircase leading down here.
Unknown command.
You scratch Amaemon but do no damage. You barely miss Amaemon.
The kobold barely misses you. Amaemon closely misses you.
Amaemon barely misses you.
Amaemon tail-slaps you but does no damage.
You miss Amaemon. The kobold barely misses you. Amaemon barely misses you.
You block Amaemon's attack. x2
You closely miss Amaemon. The kobold barely misses you.
Amaemon hits you with a -1 demon whip of venom.
Amaemon claws you. Amaemon closely misses you.
You are too injured to fight recklessly!
You are too injured to fight recklessly!
You barely miss the kobold. The kobold completely misses you.
Amaemon hits you but does no damage. Amaemon claws you but does no damage.
Amaemon tail-slaps you.
You claw the kobold!
You kill the kobold!
Amaemon hits you but does no damage. Amaemon claws you!
Amaemon barely misses you.
Amaemon hits you with a -1 demon whip of venom.
Amaemon closely misses you. x2
Items here: $ ( )).
You completely miss Amaemon. You barely miss Amaemon. Amaemon misses you.
Amaemon claws you. Amaemon closely misses you.
You scratch Amaemon. Amaemon hits you but does no damage.
You block Amaemon's attack. Amaemon tail-slaps you.
* * * LOW HITPOINT WARNING * * *
You closely miss Amaemon. You block Amaemon's attack. Amaemon claws you!
* * * LOW HITPOINT WARNING * * *
Amaemon tail-slaps you but does no damage.
Unknown command.
Okay, then.
Unknown command.
You feel very mighty all of a sudden.
Amaemon hits you with a -1 demon whip of venom.
* * * LOW HITPOINT WARNING * * *
You block Amaemon's attack. x2
You mangle Amaemon!!
Amaemon hits you with a -1 demon whip of venom!
* * * LOW HITPOINT WARNING * * *
Amaemon claws you but does no damage. Amaemon barely misses you.
You claw Amaemon! You scratch Amaemon.
Amaemon hits you with a -1 demon whip of venom!
* * * LOW HITPOINT WARNING * * *
Amaemon claws you but does no damage.
Amaemon tail-slaps you but does no damage.
You claw Amaemon! You block Amaemon's attack. x2
Amaemon tail-slaps you but does no damage.
You barely miss Amaemon. You block Amaemon's attack. Amaemon claws you!
* * * LOW HITPOINT WARNING * * *
Amaemon tail-slaps you but does no damage.
You feel much better.
Amaemon hits you with a -1 demon whip of venom.
* * * LOW HITPOINT WARNING * * *
Amaemon barely misses you. Amaemon tail-slaps you.
* * * LOW HITPOINT WARNING * * *
You barely miss Amaemon. You block Amaemon's attack.
Amaemon closely misses you.
Amaemon tail-slaps you but does no damage.
You barely miss Amaemon. Amaemon closely misses you. Amaemon claws you.
* * * LOW HITPOINT WARNING * * *
Amaemon tail-slaps you.
* * * LOW HITPOINT WARNING * * *
You fade into invisibility!
Amaemon hits you with a -1 demon whip of venom!
You die...
Your body crumbles into a pile of gold.

Skill      XL: |  1  2  3  4  5  6  7  8  9 |
---------------+----------------------------+-----
Unarmed Combat | 4 5 7 8 9 10 | 10.1
Shields        | 3 4 5 8 |  8.0
Fighting       | 4 5 6 8 |  8.0
Armour         | |  2.9
Dodging        | |  0.6

Action                   |  1- 3 |  4- 6 |  7- 9 | 10-12 || total
-------------------------+-------+-------+-------+-------++-------
Melee: Unarmed           |    84 |    63 |   327 |    33 ||   507
Throw: Stone             |       |     4 |     7 |       ||    11
       Dart              |       |       |    10 |       ||    10
Invok: Call Merchant     |       |       |     1 |       ||     1
       Potion Petition   |       |       |       |     1 ||     1
  Use: Scroll            |       |       |    19 |     2 ||    21
       Potion            |       |       |     3 |     3 ||     6
 Stab: Distracted        |       |       |     1 |       ||     1
Armor: Scale mail        |    31 |    14 |   102 |    22 ||   169
Dodge: Dodged            |    26 |    18 |   109 |    28 ||   181
Block: Buckler           |    15 |    10 |    60 |    20 ||   105

Levels and vault maps discovered:
D:1:      erik_arrival_triangle_small, layout_basic,
          shapermc_ecumenical_altar_mp_urbaneastern
D:2:      kennysheep_six_static_rooms, layout_basic
D:3:      layout_loops_ring, nicolae_gozag_cash_rules_everything_around_me,
          uniq_crazy_yiuf_cottage, uniq_natasha, uniq_jessica, uniq_grinder
D:4:      nicolae_cairo_tiling, layout_basic, jmf_multi_god_temple,
          serial_shops, nicolae_stop_n_shop_2
D:5:      layout_gridville, minmay_misc_feat_rows, serial_park_tiny_1,
          kennysheep_small_square, uniq_duvessa
D:6:      layout_basic
D:7:      layout_loops_corners, minmay_temple_entry_crystal_x
D:8:      layout_rooms, uniq_amaemon, uniq_erica

Notes
Turn   | Place    | Note
-------+----------+-------------------------------------------
     0 | D:1      | Sobieck the Ghoul Fighter began the quest for the Orb.
     0 | D:1      | Reached XP level 1. HP: 19/19 MP: 0/0
   152 | D:1      | Found a faded altar of an unknown god.
   193 | D:1      | Reached XP level 2. HP: 26/26 MP: 1/1
   195 | D:1      | Reached skill level 3 in Unarmed Combat
   803 | D:1      | You pick up a book of Armaments and begin reading...
   803 | D:1      | You add the spells Stone Arrow, Animate Armour and
                  | Lehudib's Crystal Spear to your library.
  1248 | D:2      | Reached skill level 4 in Unarmed Combat
  1248 | D:2      | Reached XP level 3. HP: 27/31 MP: 2/2
  1850 | D:3      | You pick up a book of Debilitation and begin reading...
  1850 | D:3      | You add the spells Slow, Vampiric Draining and Confusing
                  | Touch to your library.
  1887 | D:3      | Noticed Natasha
  1898 | D:3      | Killed Natasha
  1899 | D:3      | Reached XP level 4. HP: 25/38 MP: 3/3
  1964 | D:3      | Reached skill level 5 in Unarmed Combat
  2013 | D:3      | Noticed Natasha
  2023 | D:3      | Killed Natasha
  2024 | D:3      | Reached XP level 5. HP: 34/45 MP: 4/4
  2042 | D:3      | Noticed Grinder
  2048 | D:3      | Found an opulent altar of Gozag.
  2058 | D:3      | Killed Grinder
  2059 | D:3      | Reached skill level 7 in Unarmed Combat
  2059 | D:3      | Reached XP level 6. HP: 47/51 MP: 5/5
  2072 | D:3      | Identified a +2 robe of the Archmagi
  2072 | D:3      | Noticed Jessica
  2092 | D:3      | Became a worshipper of Gozag Ym Sagoz the Greedy
  2139 | D:3      | Killed Jessica
  2140 | D:3      | Reached skill level 3 in Shields
  2375 | D:3      | Found a runed translucent door.
  2376 | D:3      | Noticed Crazy Yiuf
  2477 | D:3      | You pick up a book of Cantrips and begin reading...
  2477 | D:3      | You add the spells Necrotise, Summon Small Mammal and
                  | Apportation to your library.
  2580 | D:3      | Noticed Natasha
  2584 | D:3      | Killed Natasha
  2770 | D:3      | Killed Crazy Yiuf
  2773 | D:3      | Identified the +3 hammer "Bubues" {vamp, Str+2 Dex+4
                  | Stlth+}
  2883 | D:4      | Found Niucko's Antique Armour Shop.
  2971 | D:4      | Reached skill level 4 in Fighting
  2971 | D:4      | Reached XP level 7. HP: 59/59 MP: 6/6
  3467 | D:4      | Found a shimmering blue altar of Sif Muna.
  3691 | D:4      | Reached skill level 4 in Shields
  3716 | D:4      | You pick up a book of Misfortune and begin reading...
  3716 | D:4      | You add the spells Yara's Violent Unravelling and Enfeeble
                  | to your library.
  4157 | D:5      | Entered Level 5 of the Dungeon
  4164 | D:5      | You pick up a book of the Hunter and begin reading...
  4164 | D:5      | You add the spells Call Canine Familiar, Portal Projectile
                  | and Leda's Liquefaction to your library.
  4182 | D:5      | Reached skill level 5 in Fighting
  4182 | D:5      | Reached skill level 8 in Unarmed Combat
  4189 | D:5      | Reached XP level 8. HP: 59/68 MP: 7/7
  4213 | D:5      | Identified the +7 flail "Demonbane" {protect, Str+3}
  4432 | D:5      | Noticed Duvessa
  4432 | D:5      | Noticed Dowan
  4485 | D:4      | Identified a scroll of acquirement
  4485 | D:4      | Acquired 1063 gold pieces
  4490 | D:4      | Bought an amulet of guardian spirit for 360 gold pieces
  4490 | D:4      | Bought a +6 ring of strength for 432 gold pieces
  4490 | D:4      | Bought a ring of see invisible for 180 gold pieces
  4537 | D:5      | Killed Duvessa
  4544 | D:5      | Killed Dowan
  4703 | D:5      | Reached skill level 6 in Fighting
  4866 | D:5      | Reached skill level 5 in Shields
  5200 | D:6      | Reached skill level 9 in Unarmed Combat
  5302 | D:6      | Reached XP level 9. HP: 57/78 MP: 5/8
  5419 | D:6      | Reached skill level 7 in Fighting
  5565 | D:6      | Reached skill level 6 in Shields
  5590 | D:6      | HP: 19/79 [wight/+0 mace (1)]
  5615 | D:6      | HP: 19/80 [orc/puff of flame (5)]
  6236 | D:6      | Reached skill level 10 in Unarmed Combat
  6444 | D:7      | Reached skill level 8 in Fighting
  6497 | D:7      | Reached skill level 7 in Shields
  7129 | D:7      | Reached skill level 8 in Shields
  7131 | D:7      | Reached XP level 10. HP: 72/88 MP: 7/9
  7298 | D:7      | Found a staircase to the Ecumenical Temple.
  7684 | D:8      | Noticed Amaemon
  7685 | D:8      | Noticed an orange demon
  7732 | D:7      | HP: 22/88 [Amaemon/-1 demon whip of venom (9)]
  7734 | D:7      | HP: 8/88 [Amaemon/-1 demon whip of venom (14)]
  7736 | D:7      | HP: 2/88 [Amaemon/-1 demon whip of venom (6)]
  7740 | D:7      | Slain by Amaemon

Vanquished Creatures
  Grinder (D:3)
  A steam dragon (D:7)
  Duvessa (D:5)
  2 water moccasins
  An ice beast (D:6)
  2 sky beasts (D:7)
  2 ogres
  A centaur (D:6)
  A phantom (D:7)
  A kobold brigand (D:4)
  3 bullfrogs
  A gnoll sergeant (D:7)
  3 necrophages
  4 scorpions
  8 wights (D:6)
  Dowan (D:5)
  A howler monkey (D:7)
  2 jellies
  4 hounds
  Crazy Yiuf (D:3)
  2 gnoll boudas
  2 orc priests
  Jessica (D:3)
  Natasha (thrice) (D:3)
  6 iguanas
  2 orc wizards
  17 gnolls
  5 adders
  A shadow imp (D:6)
  2 white imps (D:5)
  An ufetubus (D:5)
  A dart slug (D:1)
  17 orcs
  3 ball pythons
  10 endoplasms
  5 giant cockroaches
  7 goblins
  3 hobgoblins
  3 jackals (D:5)
  3 quokkas
  3 bats
  2 frilled lizards
  4 kobolds
  7 rats
151 creatures vanquished.

Table legend:
 A = Non-vault XP
 B = Vault XP
 C = Vault XP percentage of total XP
 D = Non-vault monster count
 E = Vault monster count
 F = Vault count percentage of total count
                 A         B        C        D         E       F
            +---------+---------+-------+---------+---------+-------
      Total |    4151 |     774 |  15.7 |     134 |      17 |  11.3
            +---------+---------+-------+---------+---------+-------
        D:1 |      28 |       0 |   0.0 |      15 |       0 |   0.0
        D:2 |       6 |      22 |  78.6 |       5 |       6 |  54.5
        D:3 |     142 |     396 |  73.6 |      17 |       4 |  19.0
        D:4 |     488 |       5 |   1.0 |      20 |       2 |   9.1
        D:5 |     624 |     351 |  36.0 |      25 |       5 |  16.7
        D:6 |    1682 |       0 |   0.0 |      31 |       0 |   0.0
        D:7 |    1181 |       0 |   0.0 |      21 |       0 |   0.0
            +---------+---------+-------+---------+---------+-------

Illustrated notes

Table legend:
 A = Kills in this place as a percentage of kills in entire the game.
 B = Kills by you in this place as a percentage of kills by you in the entire game.
 C = Kills by friends in this place as a percentage of kills by friends in the entire game.
 D = Other kills in this place as a percentage of other kills in the entire game.
 E = Experience gained in this place as a percentage of experience gained in the entire game.
 F = Experience gained in this place divided by the number of levels of this place that you have seen.
                   A       B       C       D       E      F
               +-------+-------+-------+-------+-------+----------------------
         Total | 100.0 | 100.0 |   N/A |   N/A | 100.0 | 615.6
       Dungeon | 100.0 | 100.0 |   N/A |   N/A | 100.0 | 615.6
               +-------+-------+-------+-------+-------+----------------------

Table legend: (Time is in decaauts)
 A = Elapsed time spent in this place.
 B = Non-inter-level travel time spent in this place.
 C = Inter-level travel time spent in this place.
 D = Time resting spent in this place.
 E = Time spent auto-exploring this place.
 F = Levels seen in this place.
 G = Mean time per level.
                   A        B        C        D        E       F      G
               +--------+--------+--------+--------+--------+-----+--------+
         Total |   7677 |   7341 |    336 |     34 |   6084 |   8 |  959.6 |
       Dungeon |   7677 |   7341 |    336 |     34 |   6084 |   8 |  959.6 |
               +--------+--------+--------+--------+--------+-----+--------+

Top non-repeatable levels by time:
     D:4: 1336 daAuts
     D:6: 1241 daAuts
     D:7: 1197 daAuts
     D:3: 1038 daAuts
     D:1: 984 daAuts
     D:5: 927 daAuts
     D:2: 853 daAuts
     D:8: 98 daAuts
